 Dungeon Crawl Stone Soup version 0.27.1-34-g3ba077fa99 (webtiles) character file.

Game seed: 3472213546858292952

368 ticklebelly the Chopper (level 6, -5/56 HPs)
             Began as a Minotaur Berserker on Jan 4, 2022.
             Was a Priest of Trog.
             Slain by vvl's ghost (6 damage)
             ... on level 4 of the Dungeon.
             The game lasted 00:06:15 (3738 turns).

ticklebelly the Chopper (Minotaur Berserker)        Turns: 3738, Time: 00:06:16

Health: -5/56      AC: 10    Str: 24    XL:     6   Next: 41%
Magic:  5/5        EV: 10    Int:  4    God:    Trog [***...]
Gold:   115        SH:  0    Dex:  9    Spells: 5/5 levels left

rFire    x . .     SeeInvis .   k - +3 dire flail (vorpal)
rCold    + + .     Faith    .   (shield currently unavailable)
rNeg     . . .     Spirit   .   i - +0 ice dragon scales
rPois    .         Reflect  .   (helmet restricted)
rElec    .         Harm     .   (no cloak)
rCorr    .         Rampage  .   (no gloves)
Will     .....                  (no boots)
Stlth    ..........             (no amulet)
HPRegen  0.18/turn              (no ring)
MPRegen  0.09/turn              (no ring)

@: on berserk cooldown, slowed, very slow
A: horns 2, retaliatory headbutt
a: Renounce Religion, Berserk, Trog's Hand


You were on level 4 of the Dungeon.
You worshipped Trog.
Trog was most pleased with you.
You visited 1 branch of the dungeon, and saw 4 of its levels.

You collected 115 gold pieces.

Inventory:

Hand Weapons
 a - a +0 hand axe
 k - a +3 vorpal dire flail (weapon)
Missiles
 h - 12 javelins (quivered)
Armour
 i - +0 ice dragon scales (worn)
Scrolls
 b - 2 scrolls of immolation {unknown}
 c - 2 scrolls of teleportation {unknown}
 d - 10 scrolls of identify {unknown}
 e - a scroll of acquirement {unknown}
 j - a scroll of amnesia {unknown}
 l - a scroll of magic mapping {unknown}
Potions
 f - 2 potions of curing {unknown}
 g - a potion of berserk rage {unknown}


   Skills:
 + Level 5.3 Fighting
 + Level 5.4 Axes
 + Level 4.5 Armour
 + Level 4.1 Dodging


You had 5 spell levels left.
You didn't know any spells.
Your spell library was empty.

Dungeon Overview and Level Annotations

Branches:
Dungeon (4/15)
 Temple: D:4-7

Altars:
Sif Muna
Trog

Annotations:
D:4 vvl's ghost, amateur DrFi


Innate Abilities, Weirdness & Mutations

You have a pair of horns on your head.
You reflexively headbutt those who attack you in melee.


Message History

You miss vvl's ghost.
Vvl's ghost is heavily damaged.
Vvl's ghost hits you! Vvl's ghost closely misses you. You furiously retaliate!
You headbutt vvl's ghost. You barely miss vvl's ghost.
Vvl's ghost is heavily damaged.
Vvl's ghost hits you.
* * * LOW HITPOINT WARNING * * *
Vvl's ghost completely misses you. You furiously retaliate!
You headbutt vvl's ghost! You miss vvl's ghost.
Your headbutt misses vvl's ghost.
Vvl's ghost is heavily damaged.
Vvl's ghost barely misses you.
You closely miss vvl's ghost.
Vvl's ghost is heavily damaged.
Vvl's ghost hits you but does no damage.
Vvl's ghost misses you. You furiously retaliate!
You headbutt vvl's ghost, but do no damage.
You completely miss vvl's ghost. Your headbutt misses vvl's ghost.
Vvl's ghost is heavily damaged.
Vvl's ghost barely misses you. You furiously retaliate!
You headbutt vvl's ghost. Vvl's ghost hits you!
* * * LOW HITPOINT WARNING * * *
You completely miss vvl's ghost.
Vvl's ghost is heavily damaged.
Vvl's ghost completely misses you.
You completely miss vvl's ghost.
Vvl's ghost is heavily damaged.
Vvl's ghost closely misses you. You furiously retaliate!
You headbutt vvl's ghost! Vvl's ghost hits you.
* * * LOW HITPOINT WARNING * * *
You miss vvl's ghost.
Vvl's ghost is severely damaged.
Vvl's ghost hits you but does no damage.
Vvl's ghost hits you.
* * * LOW HITPOINT WARNING * * *
You closely miss vvl's ghost.
Vvl's ghost is severely damaged.
Vvl's ghost hits you.
You die...

##..###..<....#
##..##.......#
##.[........#
###........#
##.......#
#.......#
#######.....#
#.....#.....#
#)≈≈≈W@.....#
#.....#.....#
#############


You could see vvl's ghost.

Vanquished Creatures
  Edmund (D:4)
  A scorpion (D:4)
  Natasha (twice) (D:2)
  A gnoll (D:3)
  5 adders
  A white imp (D:3)
  An adder skeleton (D:4)
  2 worms
  2 dart slugs
  An orc (D:4)
  5 ball pythons
  6 endoplasms
  3 giant cockroaches
  8 hobgoblins
  2 jackals (D:4)
  4 quokkas
  3 frilled lizards
  8 goblins
  5 kobolds
  4 rats
65 creatures vanquished.

Notes
Turn   | Place    | Note
-------+----------+-------------------------------------------
     0 | D:1      | ticklebelly the Minotaur Berserker began the quest for the
                  | Orb.
     0 | D:1      | Reached XP level 1. HP: 19/19 MP: 0/0
   227 | D:1      | Reached XP level 2. HP: 18/27 MP: 1/1
   963 | D:2      | Reached XP level 3. HP: 33/33 MP: 2/2
   989 | D:2      | Reached ** piety under Trog
  1204 | D:2      | Noticed Natasha
  1214 | D:2      | Killed Natasha
  1215 | D:2      | Reached XP level 4. HP: 12/41 MP: 3/3
  1735 | D:2      | Found a faded altar of an unknown god.
  2043 | D:2      | Noticed Natasha
  2050 | D:2      | Killed Natasha
  2692 | D:3      | Found a shimmering blue altar of Sif Muna.
  2697 | D:3      | Reached XP level 5. HP: 47/47 MP: 4/4
  2700 | D:3      | Found a bloodstained altar of Trog.
  3542 | D:4      | Noticed Edmund
  3544 | D:4      | Reached *** piety under Trog
  3552 | D:4      | Killed Edmund
  3553 | D:4      | Reached skill level 5 in Fighting
  3553 | D:4      | Reached skill level 5 in Axes
  3553 | D:4      | Reached XP level 6. HP: 42/56 MP: 5/5
  3696 | D:4      | Found a runed translucent door.
  3702 | D:4      | Noticed vvl's ghost (amateur DrFi)
  3736 | D:4      | HP: 1/56 [vvl's ghost (2)]
  3738 | D:4      | Slain by vvl's ghost

Illustrated notes

Levels and vault maps discovered:
D:1:      lightli_arrival_statue_moat, layout_basic
D:2:      layout_loops_corners, hellmonk_ecumenical_altar_pennies_from_heaven,
          kennysheep_boxes, uniq_natasha
D:3:      layout_basic, nzn_overflow_gifts_of_might_and_magic
D:4:      layout_rooms, ebering_ghost_reflecting_pool, st_stairs_14, uniq_edmund

Skill      XL: |  1  2  3  4  5 |
---------------+----------------+-----
Axes           | 4 5 |  5.4
Fighting       | 4 5 |  5.3
Armour         | 3 4 |  4.5
Dodging        | 3 4 |  4.1

Action                   |  1- 3 |  4- 6 || total
-------------------------+-------+-------++-------
Melee: Hand axe          |    61 |    92 ||   153
       Headbutt          |    10 |    20 ||    30
       Dire flail        |       |    32 ||    32
Invok: Berserk           |     1 |     2 ||     3
Armor: Animal skin       |    11 |       ||    11
       Ring mail         |     3 |     1 ||     4
       Ice dragon scales |       |    40 ||    40
Dodge: Dodged            |    38 |    47 ||    85
